 Dungeon Crawl Stone Soup version 0.28-a0-1080-g05a166d0ed (webtiles) character file.

Game seed: 12046608618737534933

116 Redcow54321 the Ruffian (level 4, -2/33 HPs)
             Began as a Demonspawn Gladiator on Dec 9, 2021.
             Killed by divine providence
             ... invoked by an orc priest
              (11 damage)
             ... on level 3 of the Dungeon.
             The game lasted 00:03:57 (3284 turns).

Redcow54321 the Ruffian (Demonspawn Gladiator)      Turns: 3284, Time: 00:03:58

Health: -2/33      AC: 10    Str: 16    XL:     4   Next: 69%
Magic:  4/4        EV: 11    Int:  9    God:
Gold:   99         SH:  4    Dex: 15    Spells: 3/3 levels left

rFire   . . .      SeeInvis .     - Unarmed
rCold   . . .      Faith    .   (no shield)
rNeg    . . .      Spirit   .   q - +0 ring mail
rPois   .          Reflect  .   b - +0 helmet
rElec   .          Harm     .   (no cloak)
rCorr   .          Rampage  .   (no gloves)
Will    .....                   (no boots)
Stlth   +.........              (no amulet)
HPRegen 0.11/turn               d - +4 ring of protection
MPRegen 0.09/turn               (no ring)

@: no status effects
A: condensation shield, weakness stinger 1
a: no special abilities


You were on level 3 of the Dungeon.
You visited 1 branch of the dungeon, and saw 3 of its levels.

You collected 99 gold pieces.

Inventory:

Armour
 a - a +0 leather armour
 b - a +0 helmet (worn)
 q - a +0 ring mail (worn)
Jewellery
 d - a +4 ring of protection (left hand)
 h - an amulet of magic regeneration
Scrolls
 e - a scroll of magic mapping {unknown}
 f - a scroll of blinking {unknown}
 g - 5 scrolls of identify {unknown}
 m - a scroll of teleportation {unknown}
 p - a scroll of enchant weapon {unknown}
Potions
 i - a potion of mutation {unknown}
 j - a potion of magic {unknown}
 k - a potion of flight {unknown}
 l - a potion of berserk rage {unknown}
 n - 2 potions of degeneration {unknown}
 o - a potion of cancellation {unknown}


   Skills:
 - Level 2.0 Fighting
 - Level 1.7 Throwing
 - Level 2.6 Dodging
 + Level 0.5 Shields
 * Level 4.9 Unarmed Combat


You had 3 spell levels left.
You didn't know any spells.
Your spell library contained the following spells:

 Spells                   Type           Power      Damage    Failure   Level
 Animate Dead             Necr           0%         N/A       100%        4
 Borgnjor's Vile Clutch   Necr/Erth      0%         N/A       100%        5
 Death Channel            Necr           0%         N/A       100%        6


Dungeon Overview and Level Annotations

Branches:
Dungeon (3/15)

Altars:
Dithmenos
Nemelex Xobeh
Ru

Shops:
D:1 ((([


Innate Abilities, Weirdness & Mutations

A meltable shield of frost defends you. (SH +4)
You have a small tail.


Message History

Something hits you but does no damage.
You miss something. Something hits you but does no damage.
You hit something but do no damage. You tail-slap something.
You miss something. Something hits you.
You hit something but do no damage. You tail-slap something.
Something hits you but does no damage.
You closely miss something. Something hits you but does no damage.
You closely miss something. You tail-slap something.
You block something's attack.
You closely miss something. Something completely misses you.
The orc priest mumbles some strange prayers to Beogh against you.
Beogh smites you!
* * * LOW HITPOINT WARNING * * *
You miss something. Something hits you but does no damage.
You miss something. You tail-slap something. Something completely misses you.
You hit something but do no damage. Something hits you but does no damage.
You feel better. Something hits you.
The orc priest invokes the aid of Beogh against you.
You closely miss something. Something hits you but does no damage.
You barely miss something. Something hits you but does no damage.
You hit something but do no damage. You punch something!
Reactivating autopickup.
You feel a bit more experienced.
You hit the orc.
The orc is lightly wounded.
The orc priest mumbles some strange prayers to Beogh against you.
Beogh smites you!
* * * LOW HITPOINT WARNING * * *
You block the orc's attack.
You barely miss the orc.
You tail-slap the orc, but do no damage.
The orc is lightly wounded.
The orc priest looks braver for a moment.
The orc hits you but does no damage.
You punch the orc!
You kill the orc!
The orc priest calls down the wrath of Beogh upon you.
Beogh smites you!
You die...

###################
.............o.o..
........o....ooo.
#..####.########
####..###.o.##
#......@oo#..#
#.##..###....#
#.....#......###
#.#.....#..#...#..
..........###.......
####..##..###..##...
#..###..#..###.#
#...##.....##..#.
#.#
#.................


You could see an orc priest and 2 orcs.

Vanquished Creatures
  An iguana (D:3)
  An orc wizard (D:3)
  2 adders
  3 worms (D:2)
  A dart slug (D:1)
  5 orcs (D:3)
  5 bats
  3 endoplasms
  3 giant cockroaches
  2 goblins (D:3)
  2 hobgoblins
  4 jackals
  5 kobolds
  3 ball pythons
  4 rats
44 creatures vanquished.

Vanquished Creatures (others)
  4 plants (D:1)
4 creatures vanquished.

Grand Total: 48 creatures vanquished

Notes
Turn   | Place    | Note
-------+----------+-------------------------------------------
     0 | D:1      | Redcow54321 the Demonspawn Gladiator began the quest for
                  | the Orb.
     0 | D:1      | Reached XP level 1. HP: 16/16 MP: 1/1
   234 | D:1      | Reached skill level 3 in Unarmed Combat
   239 | D:1      | Found Enyciad's Antique Armour Shop.
   277 | D:1      | Found a faded altar of an unknown god.
   375 | D:2      | Gained mutation: A meltable shield of frost defends you.
                  | (SH +4) [demonic ancestry]
   375 | D:2      | Reached XP level 2. HP: 9/22 MP: 2/2
   741 | D:1      | Found Hoiduxku's Weapon Shop.
   863 | D:1      | Found Ninip's Antique Weapon Boutique.
  1275 | D:1      | Found Mivee's Weapon Boutique.
  1642 | D:2      | Found a sparkling altar of Nemelex Xobeh.
  1891 | D:2      | Gained mutation: You have a small tail. [demonic ancestry]
  1891 | D:2      | Reached XP level 3. HP: 17/27 MP: 3/3
  2321 | D:2      | Reached skill level 4 in Unarmed Combat
  2888 | D:3      | Found a sacrificial altar of Ru.
  2968 | D:3      | Reached XP level 4. HP: 20/33 MP: 4/4
  3189 | D:3      | Found a shadowy altar of Dithmenos.
  3284 | D:3      | Killed from afar by an orc priest

Illustrated notes

Levels and vault maps discovered:
D:1:      heliophobic_arrival_ceremonial_halls, layout_loops_ring,
          serial_forest, infiniplex_forest_clump_medium,
          infiniplex_forest_clump_double, infiniplex_forest_lined_2,
          infiniplex_forest_end_2, infiniplex_forest_end_3,
          infiniplex_forest_straight_5, infiniplex_forest_clump_large,
          infiniplex_forest_lined_room_3, hellmonk_ecumenical_altar_crossroads,
          serial_shops, shop, nicolae_shop_trees, shop, shop
D:2:      layout_basic, basic_altar
D:3:      layout_loops_ring, nicolae_dithmenos_shadow_blocks,
          mainiacjoe_overflow_brackets

Skill      XL: |  1  2  3 |
---------------+----------+-----
Unarmed Combat | 3 4 |  4.9
Fighting       | |  2.0
Throwing       | |  1.7
Dodging        | |  2.6
Shields        | |  0.5

Action                   |  1- 3 |  4- 6 || total
-------------------------+-------+-------++-------
Melee: Unarmed           |   171 |    36 ||   207
       Punch             |     5 |       ||     5
       Tailslap          |     6 |     7 ||    13
  Use: Potion            |       |     3 ||     3
Armor: Leather armour    |    70 |       ||    70
       Ring mail         |     4 |    15 ||    19
Dodge: Dodged            |   104 |     2 ||   106
Block: Other             |    22 |     6 ||    28

Table legend: (Time is in decaauts)
 A = Elapsed time spent in this place.
 B = Non-inter-level travel time spent in this place.
 C = Inter-level travel time spent in this place.
 D = Time resting spent in this place.
 E = Time spent auto-exploring this place.
 F = Levels seen in this place.
 G = Mean time per level.
                   A        B        C        D        E       F      G
               +--------+--------+--------+--------+--------+-----+--------+
         Total |   3271 |   3170 |    101 |    699 |   2036 |   3 | 1090.3 |
       Dungeon |   3271 |   3170 |    101 |    699 |   2036 |   3 | 1090.3 |
               +--------+--------+--------+--------+--------+-----+--------+

Top non-repeatable levels by time:
     D:2: 1309 daAuts
     D:1: 1262 daAuts
     D:3: 699 daAuts
